 Dungeon Crawl Stone Soup version 0.30-b1-2-g02819fbbbe (webtiles) character file.

Game seed: 2076120194311689370

119 LLlMATKO the Trooper (level 4, -1/61 HPs)
             Began as a Minotaur Berserker on Nov 25, 2023.
             Was a Believer of Trog.
             Succumbed to Ijyb's poison
             ... on level 3 of the Dungeon.
             The game lasted 00:03:21 (2044 turns).

LLlMATKO the Trooper (Minotaur Berserker)           Turns: 2044, Time: 00:03:22

Health: -1/61      AC: 10    Str: 25    XL:     4   Next: 74%
Magic:  3/3        EV: 11    Int:  4    God:    Trog [**....]
Gold:   237        SH:  0    Dex: 10    Spells: 3/3 levels left

rFire   . . .        a - +0 hand axe
rCold   . . .        (no shield)
rNeg    . . .        q - +5 ring mail "Zekkats" {Str+2}
rPois   .            (helmet restricted)
rElec   .            (no cloak)
rCorr   .            (no gloves)
SInv    .            (no boots)
Will    .....        (no amulet) Stlth
                     e - ring of flight
HPRegen 0.30/turn    (no ring)
MPRegen 0.08/turn

%: no passive effects
@: berserking (expiring), lethally poisoned (-1 -> -18), flying, very quick
A: horns 2, retaliatory headbutt
a: Renounce Religion, Berserk, Trog's Hand


You were on level 3 of the Dungeon.
You worshipped Trog.
Trog was pleased with you.
You visited 1 branch of the dungeon, and saw 3 of its levels.

You collected 237 gold pieces.

Inventory:

Hand Weapons
 a - a +0 hand axe (weapon)
Missiles
 i - 7 poisoned darts (quivered)
Armour
 q - the +5 ring mail "Zekkats" (worn) {Str+2}
   (You found it on level 2 of the Dungeon)

   Str:       It affects your strength (+2).
Jewellery
 e - a ring of flight (left hand)
Wands
 m - a wand of mindburst (5)
Scrolls
 b - 2 scrolls of enchant weapon {unknown}
 d - 4 scrolls of identify {unknown}
 f - 3 scrolls of fear {unknown}
 j - a scroll of vulnerability {unknown}
 l - 3 scrolls of blinking {unknown}
 n - a scroll of acquirement {unknown}
 s - a scroll of silence {unknown}
 t - a scroll of amnesia {unknown}
 u - a scroll of poison {unknown}
 v - a scroll of brand weapon {unknown}
 x - a scroll of noise {unknown}
Potions
 c - 2 potions of curing {unknown}
 g - a potion of brilliance {unknown}
 h - a potion of heal wounds {unknown}
 k - a potion of berserk rage {unknown}
 o - a potion of resistance {unknown}
 p - a potion of attraction {unknown}
 r - a potion of invisibility {unknown}
 w - 2 potions of might {unknown}


   Skills:
 + Level 4.6 Fighting
 + Level 4.5 Axes
 + Level 3.6 Armour
 + Level 3.3 Dodging


You had 3 spell levels left.
You didn't know any spells.
Your spell library was empty.

Dungeon Overview and Level Annotations

Branches:
Dungeon (3/15)

Altars:

Shops:
D:3 *


Innate Abilities, Weirdness & Mutations

You have a pair of horns on your head.
You reflexively headbutt those who attack you in melee.


Message History

You feel sick.
Unknown command.
Level annotation: Ijyb Welcome back, LLlMATKO the Minotaur Berserker.
Trog says: Kill them all!
Press ? for a list of commands and other information.
You barely miss Ijyb.
Ijyb is almost dead.
You feel sick.
Ijyb screams, "Me very upset!"
Ijyb hits you with a +2 dagger of venom.
You are more poisoned.
The grasping roots constrict you.
The grasping roots release their grip on you.
You closely miss Ijyb.
Ijyb is almost dead.
You feel sick.
Ijyb hits you with a +2 dagger of venom.
* * * LOW HITPOINT WARNING * * *
Unknown command.
You barely miss Ijyb.
Ijyb is almost dead.
You feel very sick.
Ijyb hits you with a +2 dagger of venom.
* * * LOW HITPOINT WARNING * * *
You are more poisoned.
Unknown command.
You hit Ijyb but do no damage.
Ijyb is almost dead.
* * * LOW HITPOINT WARNING * * *
You feel very sick.
Unknown command.
You hit Ijyb.
You kill Ijyb!
Trog accepts your kill.
* * * LOW HITPOINT WARNING * * *
You feel very sick.
Unknown command.
You are too berserk!
You die...

#≈≈≈#..)).#≈≈≈≈≈≈≈#
#...#.....#.....≈≈≈
#...#.....#......≈≈
##'##.....##'##..≈≈
#...#.....# ..#..≈≈
#...#)....# #..≈≈
#...#.....# #.†≈≈
##[##.....# ##..≈≈
#.@..........#..)≈≈
#............#...≈≈
#.))##########...≈≈
#...# ####≈≈ #...'
#≈≈ #...'. #≈≈
####### ###


There were no monsters in sight!

Vanquished Creatures
  Ijyb (D:3)
  3 adders
  8 orcs
  5 endoplasms
  2 giant cockroaches
  5 hobgoblins
  3 jackals (D:3)
  3 kobolds (D:1)
  2 quokkas (D:1)
  3 ball pythons
  6 bats
  3 frilled lizards
  9 goblins
  5 rats
58 creatures vanquished.

Notes
Turn   | Place    | Note
-------+----------+-------------------------------------------
     0 | D:1      | LLlMATKO the Minotaur Berserker began the quest for the
                  | Orb.
     0 | D:1      | Reached XP level 1. HP: 19/19 MP: 0/0
   122 | D:1      | Reached XP level 2. HP: 27/27 MP: 1/1
   846 | D:2      | Reached XP level 3. HP: 33/33 MP: 2/2
   926 | D:2      | Reached ** piety under Trog
  1012 | D:2      | Identified the +5 ring mail "Zekkats" {Str+2}
  1625 | D:3      | Reached XP level 4. HP: 36/40 MP: 3/3
  1665 | D:3      | Found Guc Qes's General Store.
  2029 | D:3      | Noticed Ijyb
  2043 | D:3      | Killed Ijyb
  2043 | D:3      | HP: 1/61 [poisoned by Ijyb]
  2044 | D:3      | Succumbed to Ijyb's poison

Illustrated notes

Levels and vault maps discovered:
D:1:      dpeg_arrival_line_fractal, layout_basic
D:2:      layout_loops_ring
D:3:      kennysheep_goblin_castle, layout_basic, serial_shops, shop_coins

Skill      XL: |  1  2  3 |
---------------+----------+-----
Fighting       | 4 |  4.6
Axes           | 4 |  4.5
Armour         | 3 |  3.6
Dodging        | 3 |  3.3

Action                     |  1- 3 |  4- 6 || total
---------------------------+-------+-------++-------
  Melee: Hand axe          |    86 |    44 ||   130
         Headbutt          |     7 |     6 ||    13
 Invoke: Berserk           |       |     1 ||     1
   Stab: Sleeping          |     1 |       ||     1
 Armour: Animal skin       |     4 |       ||     4
         Ring mail         |    18 |    24 ||    42
         Scale mail        |     6 |       ||     6
  Dodge: Dodged            |    47 |    30 ||    77
